 Dungeon Crawl Stone Soup version 0.30.1-4-g462c640d31 (webtiles) character file.

Game seed: 13742958263903236038

129 Kranky the Ducker (level 4, -3/38 HPs)
             Began as a Draconian Wanderer on Aug 31, 2023.
             Slain by an iguana (8 damage)
             ... on level 4 of the Dungeon.
             The game lasted 00:03:19 (1722 turns).

Kranky the Ducker (Draconian Wanderer)              Turns: 1722, Time: 00:03:20

Health: -3/38      AC:  6    Str: 16    XL:     4   Next: 88%
Magic:  8/8        EV: 12    Int: 14    God:
Gold:   111        SH:  0    Dex:  9    Spells: 9/9 levels left

rFire   . . .        i - +1 short sword (venom)
rCold   . . .        (no shield)
rNeg    . . .        (body armour unavailable)
rPois   .            (helmet restricted)
rElec   .            b - +0 cloak
rCorr   .            (no gloves)
SInv    .            (no boots)
Will    .....        (no amulet)
Stlth   +            (no ring)
HPRegen 0.26/turn    (no ring)
MPRegen 0.11/turn

%: no passive effects
@: no status effects
A: AC +5, unfitting armour, cold-blooded
a: no special abilities


You were on level 4 of the Dungeon.
You visited 1 branch of the dungeon, and saw 3 of its levels.

You collected 111 gold pieces.

Inventory:

Hand Weapons
 a - a +2 sling
 i - a +1 short sword of venom (weapon)
Missiles
 l - 7 poisoned darts
Armour
 b - a +0 cloak (worn)
Magical Staves
 e - a staff of poison
Scrolls
 f - a scroll of fog {unknown}
 h - a scroll of silence {unknown}
 j - a scroll of fear {unknown}
 k - 2 scrolls of amnesia {unknown}
 n - a scroll of enchant weapon {unknown}
 o - 2 scrolls of teleportation {unknown}
 p - a scroll of identify {unknown}
Potions
 c - a potion of haste
 d - a potion of flight {unknown}
 g - 2 potions of heal wounds {unknown}
 m - a potion of cancellation {unknown}


   Skills:
 + Level 3.4 Fighting
 + Level 0.6 Short Blades
 - Level 3.0 Ranged Weapons
 + Level 3.5 Dodging
 + Level 3.0 Spellcasting
 + Level 0.1 Poison Magic


You had 9 spell levels left.
You didn't know any spells.
Your spell library contained the following spells:

 Spells                   Type           Power      Damage    Failure   Level
 Cigotuvi's Dreadful Rot  Necr/Pois/Air  4%         N/A       32%         2
 Poisonous Vapours        Pois/Air       4%         N/A       32%         2
 Call Canine Familiar     Summ           2%         N/A       54%         3
 Ignite Poison            Fire/Tmut/Pois 2%         N/A       54%         3
 Portal Projectile        Hex/Tloc       4%         N/A       54%         3
 Leda's Liquefaction      Hex/Erth       1%         N/A       91%         4
 Freezing Cloud           Conj/Ice/Air   1%         6-21      99%         5


Dungeon Overview and Level Annotations

Branches:
Dungeon (2/15)             Temple (0/1) D:4

Altars:

Annotations:
D:4 1 transporter


Innate Abilities, Weirdness & Mutations

Your plain brown scales are hard. (AC +5)
You cannot fit into any form of body armour.
You are cold-blooded and may be slowed by cold attacks.


Message History

No target in view!
Things that are here:
a +0 dagger; a goblin corpse You now have 94 gold pieces (gained 14).
You now have 111 gold pieces (gained 17).
k - 2 scrolls labelled NUXTEZU PANUYNN (gained 1)
Found a staircase to the Ecumenical Temple.
An iguana comes into view.
An iguana is nearby!
The iguana bites you.
You hit the iguana but do no damage. The iguana bites you.
You barely miss the iguana.
You tail-slap the iguana, but do no damage.
The iguana bites you!
You barely miss the iguana. The iguana bites you.
You are too injured to fight recklessly!
You are too injured to fight recklessly!
You are too injured to fight recklessly!
You hit the iguana but do no damage.
The iguana is poisoned.
The iguana bites you.
* * * LOW HITPOINT WARNING * * *
You hit the iguana but do no damage.
The iguana looks as sick as possible!
Your tail-slap misses the iguana.
The iguana is lightly wounded.
The iguana closely misses you.
You barely miss the iguana.
You tail-slap the iguana, but do no damage.
The iguana is moderately wounded.
The iguana barely misses you.
You completely miss the iguana.
Your tail-slap misses the iguana.
The iguana is severely wounded.
The iguana bites you!
* * * LOW HITPOINT WARNING * * *
You closely miss the iguana. You punch the iguana, but do no damage.
The iguana is severely wounded.
The iguana misses you.
You barely miss the iguana.
Your tail-slap misses the iguana.
The iguana is almost dead.
The iguana bites you!
You die...

...
##.........
...###
.[......#.
#...#
#.......#
#.⌠.#
#.......#
#####...#####
#.......#
#...........#
#.......#
#..⌠..>..⌠..#
#.......#
#...........#
####.#####
.###..@###.#
#...... #.⌠l#
#.############
#|..#
#........#
#####
########.# #.#
#.#
############
#.# ##
#..........#
#.# #.
#.########.#
#.# #.


You could see an iguana (very poisoned).

Vanquished Creatures
  Natasha (D:2)
  2 adders
  4 gnolls (D:2)
  A worm (D:2)
  2 dart slugs (D:2)
  A ball python (D:1)
  7 endoplasms (D:1)
  2 giant cockroaches
  3 goblins
  4 hobgoblins
  4 jackals (D:1)
  4 bats
  2 frilled lizards
  A kobold (D:1)
  A rat (D:1)
39 creatures vanquished.

Notes
Turn   | Place    | Note
-------+----------+-------------------------------------------
     0 | D:1      | Kranky the Draconian Wanderer began the quest for the Orb.
     0 | D:1      | Kranky set off with the following items: a +2 sling, a +0
                  | cloak, a potion of haste; and the following spells
                  | available to memorise: Cigotuvi's Dreadful Rot, Poisonous
                  | Vapours.
     0 | D:1      | Reached XP level 1. HP: 17/17 MP: 3/3
   197 | D:1      | Reached XP level 2. HP: 24/25 MP: 5/5
  1001 | D:2      | Reached XP level 3. HP: 26/30 MP: 6/6
  1251 | D:2      | Noticed Natasha
  1258 | D:2      | Killed Natasha
  1259 | D:2      | Reached XP level 4. HP: 34/38 MP: 8/8
  1534 | D:2      | You fall into a shaft and drop 2 floors!
  1560 | D:4      | Found a transporter.
  1573 | D:4      | Noticed an orc warrior
  1708 | D:4      | Found a staircase to the Ecumenical Temple.
  1722 | D:4      | Slain by an iguana

Illustrated notes

Levels and vault maps discovered:
D:1:      shiori_shiawase, layout_loops_corners,
          nicolae_kite_square_tiling_tiny, fountainhead, fountainhead
D:2:      layout_basic, minmay_heptomino_d4, uniq_natasha
D:4:      layout_basic, nicolae_overflow_hidden_temple,
          minmay_temple_entry_junction, serial_shops, nicolae_shop_peninsula,
          gammafunk_ghost_arena

Skill      XL: |  1  2  3  4 |
---------------+-------------+-----
Ranged Weapons | 3 |  3.0
Dodging        | 3 |  3.5
Fighting       | 3 |  3.4
Spellcasting   | 3 |  3.0
Short Blades   | |  0.6
Poison Magic   | |  0.1

Action                     |  1- 3 |  4- 6 || total
---------------------------+-------+-------++-------
  Melee: Short sword       |    14 |    43 ||    57
         Tailslap          |       |     6 ||     6
         Punch             |       |     1 ||     1
   Fire: Sling             |    89 |       ||    89
 Armour: Skin              |    20 |    12 ||    32
  Dodge: Dodged            |    42 |    28 ||    70
